 Dungeon Crawl Stone Soup version 0.27.1-33-g824d729ab1 (webtiles) character file.

Game seed: 11965745889503351649

35 SensoryNuts the Slasher (level 3, -8/27 HPs)
             Began as a Demonspawn Gladiator on Dec 19, 2021.
             Killed from afar by Sigmund (10 damage)
             ... with a puff of flame
             ... on level 2 of the Dungeon.
             The game lasted 00:03:04 (1393 turns).

SensoryNuts the Slasher (Demonspawn Gladiator)      Turns: 1393, Time: 00:03:04

Health: -8/27      AC:  4    Str: 15    XL:     3   Next: 16%
Magic:  3/3        EV: 12    Int:  9    God:
Gold:   43         SH:  6    Dex: 14    Spells: 2/2 levels left

rFire    . . .     SeeInvis .   a - +0 long sword
rCold    . . .     Faith    .   (no shield)
rNeg     . . .     Spirit   .   b - +0 leather armour
rPois    .         Reflect  .   c - +0 helmet
rElec    .         Harm     .   (no cloak)
rCorr    .         Rampage  .   (no gloves)
Will     .....                  (no boots)
Stlth    +.........             (no amulet)
HPRegen  0.09/turn              (no ring)
MPRegen  0.08/turn              (no ring)

@: no status effects
A: large bone plates 2
a: no special abilities


You were on level 2 of the Dungeon.
You visited 1 branch of the dungeon, and saw 2 of its levels.

You collected 43 gold pieces.

Inventory:

Hand Weapons
 a - a +0 long sword (weapon)
Missiles
 d - 3 throwing nets (quivered)
Armour
 b - a +0 leather armour (worn)
 c - a +0 helmet (worn)
 e - a +0 cloak
Wands
 i - a wand of flame (17)
Scrolls
 h - a scroll of brand weapon {unknown}
Potions
 f - a potion of curing {unknown}
 g - a potion of flight {unknown}


   Skills:
 + Level 2.2 Fighting
 * Level 3.4 Long Blades
 + Level 1.8 Throwing
 + Level 0.4 Armour
 + Level 2.9 Dodging
 + Level 0.2 Stealth
 + Level 0.1 Shields


You had 2 spell levels left.
You didn't know any spells.
Your spell library contained the following spells:

 Spells                   Type           Power      Damage    Failure   Level
 Animate Skeleton         Necr           0%         N/A       45%         1
 Apportation              Tloc           0%         N/A       45%         1
 Corona                   Hex            0%         N/A       45%         1
 Summon Small Mammal      Summ           0%         N/A       45%         1
 Summon Lightning Spire   Summ/Air       0%         N/A       99%         4
 Storm Form               Tmut/Air       0%         N/A       100%        7
 Maxwell's Capacitive Co  Air            0%         ∞         100%        8


Dungeon Overview and Level Annotations

Branches:
Dungeon (2/15)

Altars:

Shops:
D:1 *   D:2 :

Annotations:
D:2 Sigmund


Innate Abilities, Weirdness & Mutations

You are mostly covered in large bone plates. (SH +6)


Message History

The ball python bites you but does no damage.
You block the ball python's attack.
You slash the ball python!
You kill the ball python!
There is a stone staircase leading down here.
Found a lumpy cyan potion.
A kobold comes into view. It is wielding a +0 short sword.
Found a scroll labelled DOPRUR SOGASCH.
The kobold shouts!
A kobold is nearby!
Sigmund the Dreaded comes into view.
He is wielding a +0 scythe.
Sigmund shouts!
Sigmund moves out of view.
You hit the kobold.
You kill the kobold!
You see here a +0 short sword.
Sigmund points at you and mumbles some strange words.
The magic dart hits you!
Found 17 arrows.
Sigmund barely misses you.
You slash Sigmund!
Sigmund is moderately wounded.
Sigmund closely misses you.
You slash Sigmund!
Sigmund is severely wounded.
You completely miss Sigmund.
Sigmund is severely wounded.
Sigmund barely misses you.
You closely miss Sigmund.
Sigmund is severely wounded.
Sigmund hits you with a +0 scythe!
* * * LOW HITPOINT WARNING * * *
You closely miss Sigmund.
Sigmund is severely wounded.
Sigmund hits you with a +0 scythe.
* * * LOW HITPOINT WARNING * * *
You slash Sigmund!
Sigmund is almost dead.
Sigmund casts a spell at you. The puff of flame hits you!
You die...

#....?........ #..
.......... #.# .......#
#.####...#.##
####.#.........#
#######..............#
...........#...).....###
#######.#..####.........
#.#.......@......#
#.#######..@##....
#.#..............#
#...............#
##.......##.###..#
######.........#.# ..#
..>............(.. .#
######.........#.. .
#........#


You could see Sigmund.

Vanquished Creatures
  4 endoplasms (D:1)
  A goblin (D:1)
  5 hobgoblins
  3 quokkas (D:1)
  8 ball pythons
  2 bats (D:1)
  4 frilled lizards
  3 kobolds
  2 rats (D:1)
32 creatures vanquished.

Notes
Turn   | Place    | Note
-------+----------+-------------------------------------------
     0 | D:1      | SensoryNuts the Demonspawn Gladiator began the quest for
                  | the Orb.
     0 | D:1      | Reached XP level 1. HP: 16/16 MP: 1/1
   375 | D:1      | Reached skill level 3 in Long Blades
   413 | D:1      | Gained mutation: You are partially covered in large bone
                  | plates. (SH +4) [demonic ancestry]
   413 | D:1      | Reached XP level 2. HP: 19/22 MP: 2/2
   473 | D:1      | Found Nuhed's General Store.
  1137 | D:1      | Gained mutation: You are mostly covered in large bone
                  | plates. (SH +6) [demonic ancestry]
  1137 | D:1      | Reached XP level 3. HP: 25/27 MP: 3/3
  1246 | D:2      | Found Cuklos's Book Emporium.
  1288 | D:2      | Found a faded altar of an unknown god.
  1383 | D:2      | Noticed Sigmund
  1393 | D:2      | Killed from afar by Sigmund

Illustrated notes

Levels and vault maps discovered:
D:1:      wander_arrival_peaceful_grave, layout_loops_ring, serial_shops,
          nicolae_shop_trees
D:2:      layout_loops_ring, hellmonk_ecumenical_altar_inner_sanctum,
          serial_shops, nicolae_shop_competitors_out_of_business, uniq_sigmund

Skill      XL: |  1 |
---------------+----+-----
Long Blades    | 3 |  3.4
Fighting       | |  2.2
Throwing       | |  1.8
Armour         | |  0.4
Dodging        | |  2.9
Stealth        | |  0.2
Shields        | |  0.1

Action                   || total
-------------------------++-------
Melee: Long sword        ||    95
 Stab: Sleeping          ||     1
Armor: Leather armour    ||    31
Dodge: Dodged            ||    62
Block: Other             ||    25
       Rpst.: Long sword ||     9
